 Dungeon Crawl Stone Soup version 0.30-a0-859-gf88a04b62d (webtiles) character file.

Game seed: 17426881464070051177

20277 arthad the Geomancer (level 12, -6/72 HPs)
             Began as a Gargoyle Earth Elementalist on Mar 7, 2023.
             Was an Initiate of Gozag.
             Mangled by a tengu warrior
             ... wielding a +2 long sword of flaming
              (9 damage)
             ... on level 13 of the Dungeon.
             The game lasted 00:34:06 (11819 turns).

arthad the Geomancer (Gargoyle Earth Elementalist) Turns: 11819, Time: 00:34:07

Health: -6/72      AC: 19    Str: 23    XL:     12   Next: 77%
Magic:  1/24       EV: 13    Int: 19    God:    Gozag
Gold:   2597       SH:  0    Dex:  9    Spells: 19/27 levels left

rFire   . . .      SeeInvis +    f - +2 dagger (vamp)
rCold   + . .      Faith    .    (no shield)
rNeg    + . .      Spirit   .    K - +0 steam dragon scales
rPois   ∞          Reflect  .    q - +0 helmet {SInv}
rElec   +          Rampage  .    y - +0 cloak
rCorr   .                        h - +0 pair of gloves
Will    .....                    x - +1 pair of boots
Stlth   ++++                     n - amulet of magic regeneration
HPRegen 0.32/turn                c - ring of protection from cold
MPRegen 0.59/turn                E - +6 ring of strength

@: gold aura, flying
A: sickness immunity, AC +8, negative energy resistance 1, electricity
resistance, torment resistance 1, petrification resistance, big wings, deformed
body, strong 1
a: Renounce Religion, Potion Petition, Call Merchant, Bribe Branch


You were on level 13 of the Dungeon.
You worshipped Gozag.
Gozag was most pleased with you.
You visited 2 branches of the dungeon, and saw 14 of its levels.

You collected 2819 gold pieces.
You spent 124 gold pieces at shops.
You paid 98 gold pieces to Gozag.

Inventory:

Hand Weapons
 f - a +2 vampiric dagger (weapon)
 p - a +4 dagger
 J - a +2 dire flail of holy wrath
 Z - a +4 scimitar of flaming
Armour
 a - a +0 robe
 h - a +0 pair of gloves (worn)
 q - a +0 helmet of see invisible (worn)
 x - a +1 pair of boots (worn)
 y - a +0 cloak (worn)
 K - +0 steam dragon scales (worn)
 L - a +2 leather armour of fire resistance
 R - a +2 robe of fire resistance
 T - the +0 ring mail of the Futuristic God {rElec rF+}
   (You found it on level 11 of the Dungeon)

   rF:        It protects you from fire.
   rElec:     It insulates you from electricity.
Magical Staves
 X - a staff of poison
Jewellery
 c - a ring of protection from cold (left hand)
 j - a ring of resist corrosion
 n - an amulet of magic regeneration (around neck)
 s - a +4 ring of protection
 E - a +6 ring of strength (right hand)
 S - an amulet of the acrobat
 U - the ring "Giuquage" {Fire Drain Str+4 Int+6}
   (You found it on level 11 of the Dungeon)

   [ring of fire]

   It enhances your fire magic.
   Str:       It affects your strength (+4).
   Int:       It affects your intelligence (+6).
   rF:        It protects you from fire.
   rC:        It makes you vulnerable to cold.
   Drain:     It drains your maximum health when unequipped.
Wands
 D - a wand of flame (21)
 F - a wand of charming (6)
 M - a wand of digging (5)
 O - a wand of polymorph (12)
 P - a wand of light (5)
 Q - a wand of iceblast (4)
Scrolls
 g - 6 scrolls of amnesia
 i - 2 scrolls of magic mapping
 k - 2 scrolls of fog
 l - 13 scrolls of teleportation
 o - a scroll of enchant weapon
 r - a scroll of summoning
 u - 3 scrolls of brand weapon {unknown}
 A - a scroll of blinking {unknown}
 B - 4 scrolls of immolation {unknown}
 C - a scroll of poison {unknown}
 G - 2 scrolls of vulnerability {unknown}
 V - 2 scrolls of torment {unknown}
 W - a scroll of identify
Potions
 b - a potion of magic
 d - 2 potions of lignification
 e - 4 potions of curing
 m - 3 potions of haste
 t - 3 potions of flight
 v - 3 potions of attraction
 w - a potion of cancellation
 z - a potion of ambrosia
 H - 3 potions of degeneration
 I - 2 potions of heal wounds
 N - a potion of berserk rage
Miscellaneous
 Y - a tin of tremorstones (2/2)


   Skills:
 + Level 7.3 Fighting
 + Level 7.2 Armour
 + Level 6.0 Dodging
 + Level 8.5 Stealth
 * Level 8.1 Spellcasting
 + Level 7.3 Conjurations
 + Level 5.7 Transmutations
 * Level 11.7 Earth Magic


You had 19 spell levels left.
You knew the following spells:

 Your Spells              Type           Power      Damage    Failure   Level
a - Sandblast             Erth           100%       2d20      1%          1
b - Stone Arrow           Conj/Erth      88%        3d12      1%          3
c - Petrify               Tmut/Erth      41%        N/A       2%          4

Your spell library contained the following spells:

 Spells                   Type           Power      Damage    Failure   Level
 Kiss of Death            Conj/Necr      84%        2d11      1%          1
 Magic Dart               Conj           100%       1d8       1%          1
 Passwall                 Tmut/Erth      34%        N/A       1%          2
 Searing Ray              Conj           70%        2d7       1%          2
 Dazzling Flash           Conj/Hex       42%        N/A       6%          3
 Spider Form              Tmut/Pois      18%        N/A       9%          3
 Ensorcelled Hibernation  Hex/Ice        14%        N/A       14%         2
 Fulminant Prism          Conj/Hex       10%        3d8       21%         4
 Blade Hands              Tmut           14%        N/A       24%         5
 Confusing Touch          Hex            7%         N/A       26%         3
 Ozocubu's Armour         Ice            7%         N/A       26%         3
 Portal Projectile        Hex/Tloc       14%        N/A       26%         3
 Tukima's Dance           Hex            7%         N/A       26%         3
 Anguish                  Hex/Necr       3%         N/A       65%         4
 Dispel Undead            Necr           7%         3d8       65%         4
 Olgreb's Toxic Radiance  Pois           7%         N/A       65%         4
 Agony                    Necr           7%         N/A       94%         5
 Metabolic Englaciation   Hex/Ice        3%         N/A       94%         5
 Silence                  Hex/Air        3%         N/A       94%         5
 Ozocubu's Refrigeration  Ice            3%         4d8       100%        7
 Ignition                 Fire           3%         3d4       100%        8
 Simulacrum               Ice/Necr       Unusable   N/A       N/A         6

Dungeon Overview and Level Annotations

Branches:
Dungeon (13/15)            Temple (1/1) D:4            Lair (0/5) D:10
    Orc (0/2) D:12
 Vaults: D:13-14

Altars:
Ashenzari
Cheibriados
Dithmenos
Elyvilon
Fedhas
Gozag
Hepliaklqana
Kikubaaqudgha
Makhleb
Nemelex Xobeh
Okawaru
Qazlal
Ru
Sif Muna
Trog
Uskayaw
Vehumet
Wu Jian
Xom
Yredelemnul
Zin
The Shining One

Shops:
D:2 *   D:8 *   D:12 ?


Innate Abilities, Weirdness & Mutations

You are immune to sickness and miasma.
Your stone body is resilient. (AC +8)
You are immune to poison.
You resist negative energy. (rN+)
You are resistant to electric shocks. (rElec)
You are resistant to unholy torment.
You are immune to petrification.
Your large and strong wings let you fly.
Armour fits poorly on your strangely shaped body.
Your muscles are strong. (Str +4, Int/Dex -1)


Message History

Aim: a tengu warrior, wielding a +2 long sword of flaming, wearing a +0 ring mail and wearing a +0 buckler (almost dead, 57% to hit)
The tengu warrior blocks the stone arrow.
The tengu warrior hits you with a +2 long sword of flaming!
The tengu warrior burns you. The tengu warrior misses you.
The tengu warrior claws you but does no damage.
You hit the tengu warrior but do no damage.
The tengu warrior is almost dead.
The vampire mosquito is distracted by your dazzling golden aura.
The tengu warrior hits you but does no damage.
The tengu warrior pecks you but does no damage.
The tengu warrior closely misses you.
You are too injured to fight recklessly!
Aiming: Sandblast (safe; 1% risk of failure)
Press: ? - help, Q - select action, (/) - cycle Shift-Dir - straight line, f/p - tengu warrior
Aim: a tengu warrior, wielding a +2 long sword of flaming, wearing a +0 ring mail and wearing a +0 buckler (almost dead, 74% to hit)
The blast of sand misses the tengu warrior.
The blast of sand hits the vampire mosquito!!
The vampire mosquito is almost destroyed.
The vampire mosquito is no longer distracted by gold.
The vampire mosquito buzzes angrily.
The tengu warrior completely misses you.
The tengu warrior pecks you but does no damage.
The tengu warrior misses you.
Unknown command.
Aiming: Sandblast (safe; 1% risk of failure)
Press: ? - help, Q - select action, (/) - cycle Shift-Dir - straight line, f/p - tengu warrior
Aim: a tengu warrior, wielding a +2 long sword of flaming, wearing a +0 ring mail and wearing a +0 buckler (almost dead, 74% to hit)
The blast of sand misses the tengu warrior.
The blast of sand hits the vampire mosquito!!
You destroy the vampire mosquito!
The tengu warrior hits you with a +2 long sword of flaming!
* * * LOW HITPOINT WARNING * * *
The tengu warrior burns you.
* * * LOW HITPOINT WARNING * * *
The tengu warrior pecks you.
* * * LOW HITPOINT WARNING * * *
The tengu warrior claws you but does no damage.
The tengu warrior hits you with a +2 long sword of flaming!
You die...
Your body crumbles into a pile of gold.

......# #.# ......#
##.# ......# #..#
......# ##.## ......#
#..# ......# #.##
......# #.# ..)...#
#.# ####### #@# ..#
#Q# #.# #$# #.#######
#........$# ........#
#.........#
........##...........#
...........#.........#
.^......## #.........#
........# #....!....#


You could see a tengu warrior.

Vanquished Creatures
  Snorg (D:11)
  A rakshasa (D:13)
  2 boulder beetles
  4 two-headed ogres
  Sonja (D:11)
  4 lindwurms (D:11)
  An ugly thing (D:12)
  Maurice (D:9)
  A manticore (D:11)
  Maggie (D:6)
  A gargoyle (D:12)
  An unseen horror (D:12)
  3 kobold demonologists (D:8)
  Psyche (D:9)
  A komodo dragon (D:10)
  2 efreet (D:13)
  2 trolls (D:10)
  2 hornets
  4 slime creatures (D:12)
  A shadow (D:12)
  2 wraiths
  2 wyverns
  9 yaks
  3 steam dragons
  7 vampire mosquitoes
  Edmund (D:6)
  An acid dragon (D:10)
  Duvessa (D:6)
  2 orc warriors
  A black bear (D:6)
  An ice beast (D:6)
  3 ogres
  18 centaurs
  A phantom (D:6)
  6 kobold brigands
  A scorpion (D:6)
  5 bullfrogs
  A wight (D:10)
  Dowan (D:6)
  12 killer bees
  3 howler monkeys
  2 jellies
  5 orc priests
  3 hounds
  2 gnoll boudas
  Jessica (D:2)
  2 iguanas
  5 orc wizards
  Robin (D:2)
  8 gnolls
  4 adders
  A shadow imp (D:8)
  2 white imps
  3 ufetubi
  3 worms
  A dart slug (D:3)
  41 orcs
  12 endoplasms
  3 giant cockroaches (D:2)
  19 goblins
  7 hobgoblins
  33 kobolds
  6 quokkas
  8 ball pythons
  3 bats
  3 frilled lizards (D:1)
  7 rats
301 creatures vanquished.

Notes
Turn   | Place    | Note
-------+----------+-------------------------------------------
     0 | D:1      | arthad the Gargoyle Earth Elementalist began the quest for
                  | the Orb.
     0 | D:1      | Reached XP level 1. HP: 10/10 MP: 3/3
   164 | D:1      | Reached XP level 2. HP: 16/16 MP: 3/5
   293 | D:1      | Reached skill level 1 in Transmutations
   542 | D:1      | Reached XP level 3. HP: 20/20 MP: 1/6
   810 | D:2      | Reached skill level 1 in Armour
   826 | D:1      | Learned a level 3 spell: Stone Arrow
   902 | D:2      | Found Iskideona's Assorted Antiques.
  1062 | D:2      | Noticed Robin
  1121 | D:2      | Reached skill level 4 in Earth Magic
  1123 | D:2      | Killed Robin
  1124 | D:2      | Reached skill level 1 in Conjurations
  1124 | D:2      | Reached XP level 4. HP: 22/24 MP: 4/7
  1152 | D:2      | Noticed Jessica
  1154 | D:2      | Killed Jessica
  1155 | D:2      | Reached skill level 1 in Fighting
  1275 | D:2      | Found a snail-covered altar of Cheibriados.
  1296 | D:2      | Reached XP level 5. HP: 29/29 MP: 6/8
  1764 | D:3      | Reached XP level 6. HP: 26/35 MP: 7/10
  2061 | D:3      | You fall into a shaft and drop 3 floors!
  2087 | D:5      | Entered Level 5 of the Dungeon
  2183 | D:4      | Found a staircase to the Ecumenical Temple.
  2200 | Temple   | Entered the Ecumenical Temple
  2241 | Temple   | Became a worshipper of Gozag Ym Sagoz the Greedy
  2387 | D:4      | Found a broken altar of Ashenzari.
  2525 | D:4      | Found a blossoming altar of Fedhas.
  2809 | D:2      | Bought an inky potion for 23 gold pieces
  2809 | D:2      | Bought a scroll labelled VINOCZ FAWN for 26 gold pieces
  2809 | D:2      | Bought a scroll labelled SOIROW HIDIF for 26 gold pieces
  2809 | D:2      | Bought a fuming white potion for 23 gold pieces
  2809 | D:2      | Bought a scroll labelled MAM VAXZIQU for 26 gold pieces
  3471 | D:5      | Reached XP level 7. HP: 40/40 MP: 9/11
  3811 | D:6      | Reached skill level 5 in Earth Magic
  3917 | D:6      | Reached XP level 8. HP: 36/45 MP: 11/13
  4022 | D:6      | Found a bloodstained altar of Trog.
  4076 | D:6      | Noticed Duvessa
  4077 | D:6      | Noticed Dowan
  4082 | D:6      | Killed Duvessa
  4083 | D:6      | Killed Dowan
  4152 | D:6      | Reached skill level 6 in Earth Magic
  4332 | D:6      | Noticed Edmund
  4338 | D:6      | Killed Edmund
  4552 | D:6      | Noticed Maggie
  4568 | D:6      | Killed Maggie
  4569 | D:6      | Reached XP level 9. HP: 25/52 MP: 2/15
  4828 | D:7      | Reached skill level 5 in Stealth
  4828 | D:7      | Reached skill level 7 in Earth Magic
  5174 | D:7      | Found a hide-covered altar of Uskayaw.
  5800 | D:8      | Noticed a hornet
  5810 | D:8      | Killed a hornet
  5862 | D:8      | Found Mekus's Overcharged Wands.
  5891 | D:8      | Noticed a kobold demonologist
  5896 | D:8      | Killed a kobold demonologist
  5899 | D:8      | Noticed a kobold demonologist
  5901 | D:8      | Noticed a kobold demonologist
  5905 | D:8      | Killed a kobold demonologist
  5906 | D:8      | Reached skill level 8 in Earth Magic
  5910 | D:8      | Killed a kobold demonologist
  5911 | D:8      | Reached XP level 10. HP: 58/58 MP: 12/17
  5995 | D:8      | Reached skill level 5 in Spellcasting
  6006 | D:8      | Reached skill level 5 in Armour
  6138 | D:8      | Reached skill level 5 in Fighting
  6138 | D:8      | Reached skill level 5 in Conjurations
  6484 | D:9      | Noticed Maurice
  6601 | D:9      | Killed Maurice
  6655 | D:8      | Reached skill level 9 in Earth Magic
  7002 | D:9      | Noticed Psyche
  7007 | D:9      | Killed Psyche
  7390 | D:9      | Noticed a two-headed ogre
  7390 | D:9      | Noticed a two-headed ogre
  7404 | D:9      | Killed a two-headed ogre
  7405 | D:9      | Reached XP level 11. HP: 18/64 MP: 9/20
  7407 | D:9      | Killed a two-headed ogre
  7573 | D:9      | Learned a level 4 spell: Petrify
  7930 | D:9      | Found a stormy altar of Qazlal.
  7930 | D:9      | Found an iron altar of Okawaru.
  7930 | D:9      | Found a snail-covered altar of Cheibriados.
  7932 | D:9      | Found a radiant altar of Vehumet.
  7934 | D:9      | Found a white marble altar of Elyvilon.
  8068 | D:10     | Entered Level 10 of the Dungeon
  8071 | D:10     | Reached skill level 5 in Dodging
  8098 | D:10     | Found a staircase to the Lair.
  8202 | D:10     | Reached skill level 10 in Earth Magic
  8864 | D:11     | Noticed a manticore
  8868 | D:11     | Killed a manticore
  9045 | D:11     | Noticed Sonja
  9048 | D:11     | Killed Sonja
  9227 | D:11     | Reached skill level 5 in Transmutations
  9536 | D:11     | Noticed a two-headed ogre
  9544 | D:11     | Killed a two-headed ogre
  9639 | D:11     | Noticed Snorg
  9643 | D:11     | Gained mutation: You sometimes lose your temper in combat.
                  | [potion of mutation]
  9643 | D:11     | Gained mutation: Your flesh is cold resistant. (rC+)
                  | [potion of mutation]
  9651 | D:11     | Killed Snorg
  9681 | D:11     | Lost mutation: You sometimes lose your temper in combat.
                  | [potion of mutation]
  9681 | D:11     | Lost mutation: Your flesh is cold resistant. (rC+) [potion
                  | of mutation]
  9681 | D:11     | Gained mutation: Your muscles are strong. (Str +4, Int/Dex
                  | -1) [potion of mutation]
  9681 | D:11     | Gained mutation: Armour fits poorly on your strangely
                  | shaped body. [potion of mutation]
  9681 | D:11     | Gained mutation: Your large and strong wings let you fly.
                  | [potion of mutation]
  9817 | D:11     | Noticed a lindwurm
  9824 | D:11     | Noticed a lindwurm
  9824 | D:11     | Noticed a lindwurm
  9824 | D:11     | Noticed a lindwurm
  9830 | D:11     | Killed a lindwurm
  9831 | D:11     | Reached XP level 12. HP: 49/71 MP: 11/22
  9839 | D:11     | Reached skill level 11 in Earth Magic
  9935 | D:11     | Identified the +0 ring mail of the Futuristic God {rElec
                  | rF+}
  9941 | D:11     | Identified the ring "Giuquage" {Fire Drain Str+4 Int+6}
 10281 | D:12     | Found Ampiqesk's Magic Scroll Boutique.
 10475 | D:12     | Noticed a boulder beetle
 10528 | D:12     | Killed a boulder beetle
 10913 | D:12     | Found a staircase to the Orcish Mines.
 11166 | D:13     | Noticed a rakshasa
 11167 | D:13     | Noticed a boulder beetle
 11430 | D:13     | Noticed a two-headed ogre
 11434 | D:13     | Killed a two-headed ogre
 11605 | D:13     | Killed a rakshasa
 11615 | D:13     | Killed a boulder beetle
 11804 | D:13     | Noticed a tengu warrior
 11819 | D:13     | HP: 3/72 [tengu warrior/+2 long sword of flaming (4)]
 11819 | D:13     | Mangled by a tengu warrior

Illustrated notes

Levels and vault maps discovered:
D:1:      matt_arrival_diagonals, layout_basic
D:2:      layout_rooms, serial_shops, shop, basic_altar, uniq_jessica,
          uniq_robin
D:3:      layout_loops_ring
D:4:      layout_basic, mainiacjoe_overflow_paths, kennysheep_mini_moat,
          minmay_temple_entry_ruins
D:5:      layout_cave_pools
D:6:      layout_cave_pods, mainiacjoe_overflow_cross_hatched,
          grunt_decor_junction, uniq_edmund, uniq_maggie, uniq_duvessa
D:7:      layout_basic, mainiacjoe_overflow_six_doors_small
D:8:      layout_basic, nicolae_shop_overcharged_wands
D:9:      layout_basic, minitemple, uniq_maurice, uniq_psyche
D:10:     layout_gridville, lair_entry_dummy, minmay_fractal_squares_gapless_5
D:11:     layout_basic, grunt_ogre_cave, minmay_lindwurm_lava, uniq_sonja,
          uniq_snorg
D:12:     layout_rooms, minmay_orc_entry_temple_small, serial_shops, shop_coins
D:13:     layout_roguey
Temple:   nicolae_temple_god_jail

Skill      XL: |  1  2  3  4  5  6  7  8  9 10 11 12 |
---------------+-------------------------------------+-----
Transmutations | 1 2 3 4 5 |  5.7
Armour         | 1 2 3 4 5 6 7 |  7.2
Earth Magic    | 4 5 6 8 9 10 11 | 11.7
Conjurations   | 1 2 3 4 5 6 7 |  7.3
Fighting       | 1 2 3 4 5 6 7 |  7.3
Dodging        | 2 3 4 5 6 |  6.0
Stealth        | 3 4 5 6 7 8 |  8.5
Spellcasting   | 3 4 6 7 8 |  8.1

Action                     |  1- 3 |  4- 6 |  7- 9 | 10-12 || total
---------------------------+-------+-------+-------+-------++-------
  Melee: Dagger            |    11 |    17 |     7 |    49 ||    84
         Punch             |       |       |       |     1 ||     1
   Cast: Sandblast         |    61 |   102 |   141 |   262 ||   566
         Stone Arrow       |       |       |    20 |   119 ||   139
         Petrify           |       |       |       |     4 ||     4
  Evoke: Wand              |       |       |     4 |     7 ||    11
    Use: Potion            |       |       |       |    10 ||    10
         Scroll            |       |       |       |    11 ||    11
   Stab: Sleeping          |       |     1 |       |       ||     1
         Petrified         |       |       |       |     7 ||     7
 Armour: Robe              |    23 |    42 |    38 |       ||   103
         Steam dragon scal |       |       |    21 |   188 ||   209
         Skin              |       |       |       |     2 ||     2
  Dodge: Dodged            |    30 |    74 |    74 |   269 ||   447

Table legend: (Time is in decaauts)
 A = Elapsed time spent in this place.
 B = Non-inter-level travel time spent in this place.
 C = Inter-level travel time spent in this place.
 D = Time resting spent in this place.
 E = Time spent auto-exploring this place.
 F = Levels seen in this place.
 G = Mean time per level.
                   A        B        C        D        E       F      G
               +--------+--------+--------+--------+--------+-----+--------+
         Total |  12105 |  11585 |    520 |    569 |   8810 |  14 |  864.6 |
       Dungeon |  12045 |  11543 |    502 |    569 |   8786 |  13 |  926.5 |
        Temple |     59 |     41 |     18 |      0 |     24 |   1 |   59.0 |
               +--------+--------+--------+--------+--------+-----+--------+

Top non-repeatable levels by time:
     D:9: 1348 daAuts
    D:11: 1195 daAuts
     D:6: 1125 daAuts
    D:12: 1049 daAuts
     D:8: 1020 daAuts
     D:7: 972 daAuts
     D:1: 925 daAuts
     D:4: 916 daAuts
     D:3: 809 daAuts
    D:10: 804 daAuts
    D:13: 779 daAuts
     D:2: 571 daAuts
     D:5: 527 daAuts
  Temple: 59 daAuts
